Map: Curious Minds LE

Players

Trogdor

  • Race: Zerg Zerg
  • League: Platinum
  • Spawn Location: 11:00

Warthog - Winner!

  • Race: Terran Terran
  • Spawn Location: 5:00

VOD

Have the link to the VOD?

Description

Time

  • Played on: Nov. 16, 2021, 3:45 p.m.
  • Length: 21:08
Show
View Real Time Build Order
Export as new Build Order

Trogdor Zerg 

Build Orders: Hatch First, Lurkers 

Get SALT Encoding   

  12  0:00  Drone  
  13  0:13  Overlord  
  13  0:16  Drone  
  14  0:32  Drone x2  
  16  0:51  Drone, Hatchery  
  16  0:57  Drone  
  16  1:01  Drone  
  18  1:13  Extractor  
  18  1:15  Spawning Pool  
  18  1:17  Drone  
  17  1:21  Drone  
  18  1:30  Drone  
  19  1:40  Overlord  
  19  1:54  Drone  
  20  2:03  Queen  
  20  2:04  Zergling x2, Queen  
  20  2:05  Zergling x2  
  26  2:19  Drone x2  
  27  2:38  Drone x2  
  27  2:40  Drone  
  30  2:45  Hatchery  
  30  2:46  Queen  
  30  2:48  Overlord  
  31  2:51  Drone  
  31  2:58  Drone x2  
  34  2:59  Drone  
  34  3:04  Metabolic Boost  
  35  3:19  Overlord  
  35  3:20  Drone x5  
  40  3:33  Overlord  
  40  3:34  Drone x2  
  40  3:36  Queen  
  40  3:40  Queen  
  44  3:54  Drone  
  44  3:55  Drone  
  46  3:59  Zergling x8  
  46  4:00  Zergling x2  
  46  4:01  Queen  
  46  4:02  Baneling Nest  
  52  4:03  Drone  
  52  4:06  Drone x2  
  52  4:08  Drone  
  52  4:09  Drone  
  57  4:26  Lair  
  57  4:30  Drone  
  57  4:31  Drone x8  
  64  4:33  Overlord  
  64  4:37  Spore Crawler  
  64  4:51  Hatchery  
  63  4:55  Spore Crawler  
  63  4:57  Drone  
  63  4:58  Drone  
  63  4:59  Spore Crawler  
  63  5:05  Drone x5, Evolution Chamber  
  63  5:06  Drone x2, Evolution Chamber  
  68  5:08  Drone  
  68  5:09  Drone  
  70  5:17  Extractor  
  69  5:21  Drone, Extractor  
  69  5:26  Overlord  
  69  5:27  Overlord  
  69  5:30  Drone  
  69  5:32  Extractor x2  
  69  5:35  Baneling x2  
  68  5:36  Zerg Missile Weapons Level 1  
  68  5:38  Drone  
  60  5:51  Drone  
  60  5:52  Drone x10  
  60  5:53  Drone x2  
  63  6:06  Queen  
  63  6:07  Queen  
  63  6:08  Drone x3  
  63  6:09  Drone x2  
  71  6:12  Queen  
  71  6:16  Spore Crawler  
  72  6:21  Drone x3  
  72  6:22  Zerg Melee Weapons Level 1  
  75  6:26  Drone  
  75  6:31  Drone x3  
  75  6:32  Hydralisk Den  
  78  6:38  Spine Crawler  
  77  6:41  Overlord  
  77  6:42  Drone x4  
  77  6:43  Drone x2  
  83  6:52  Pneumatized Carapace  
  83  7:00  Extractor  
  82  7:02  Spine Crawler  
  81  7:21  Drone x2  
  81  7:22  Drone x4, Overlord x4  
  87  7:31  Zerg Missile Weapons Level 2  
  87  7:43  Drone x3  
  90  7:46  Extractor  
  90  7:49  Extractor  
  90  7:51  Grooved Spines, Hydralisk x2  
  88  7:52  Hydralisk x9  
  88  7:53  Infestation Pit  
  88  7:54  Zergling x2  
  88  7:55  Zergling x10  
  88  7:57  Overlord x2  
  88  7:58  Baneling x3  
  115  8:12  Drone x3  
  118  8:13  Drone  
  118  8:18  Overseer  
  119  8:24  Overlord x3  
  119  8:26  Zergling x14  
  119  8:27  Zergling x8  
  129  8:30  Baneling x4  
  130  8:35  Hive  
  130  8:42  Overlord x2  
  130  8:43  Overseer  
  130  8:49  Burrow  
  130  8:50  Zerg Ground Armor Level 1  
  130  8:51  Overlord  
  130  8:53  Overseer  
  130  9:00  Zergling x2  
  130  9:01  Zergling x18  
  130  9:02  Zergling x14  
  145  9:03  Hatchery  
  145  9:04  Baneling x4  
  145  9:05  Baneling x3  
  144  9:10  Spore Crawler  
  144  9:13  Spore Crawler, Overlord  
  144  9:14  Hydralisk x3  
  144  9:15  Hydralisk x3  
  152  9:27  Muscular Augments  
  152  9:28  Lurker Den  
  151  9:45  Spore Crawler  
  148  9:50  Spine Crawler  
  148  9:52  Zergling x2  
  142  9:53  Zergling x20  
  142  9:54  Zergling x6  
  155  10:00  Baneling x4  
  155  10:01  Centrifugal Hooks  
  155  10:03  Adrenal Glands  
  155  10:09  Drone x4, Overlord  
  155  10:10  Drone x3  
  162  10:27  Zerg Missile Weapons Level 3  
  162  10:31  Spore Crawler  
  162  10:34  Hatchery  
  160  10:35  Zergling x2  
  160  10:36  Zergling x16  
  160  10:37  Zergling x4  
  171  10:49  Ultralisk Cavern  
  170  10:51  Seismic Spines  
  170  10:53  Spore Crawler x2  
  168  10:58  Lurker  
  168  11:01  Lurker  
  168  11:02  Lurker  
  142  11:31  Baneling  
  142  11:32  Lurker x5  
  146  11:35  Chitinous Plating  
  146  11:54  Spore Crawler  
  145  11:55  Drone x2  
  145  11:56  Drone x2  
  145  11:59  Hydralisk  
  145  12:00  Hydralisk x11  
  145  12:01  Hydralisk  
  173  12:04  Extractor  
  173  12:05  Adaptive Talons, Extractor  
  173  12:08  Overlord x2  
  151  12:31  Zergling x2  
  151  12:32  Zergling x24  
  151  12:33  Zergling x18  
  143  12:53  Anabolic Synthesis  
  143  12:56  Ultralisk x3  
  143  12:57  Ultralisk x3  
  164  13:12  Zergling x2  
  163  13:13  Zergling x12  
  163  13:15  Queen  
  163  13:16  Queen  
  173  13:24  Queen  
  174  13:27  Baneling x6  
  174  13:31  Baneling x5  
  174  13:32  Baneling  
  174  13:43  Baneling x4  
  174  13:44  Zergling x2  
  174  13:45  Zergling x22  
  174  13:48  Viper x3  
  195  14:00  Hatchery  
  192  14:13  Baneling x2  
  192  14:14  Baneling x3  
  192  14:24  Hydralisk x7  
  164  14:25  Hydralisk x5  
  188  14:41  Zergling x6  
  188  14:42  Zergling x2  
  150  15:09  Viper  
  150  15:10  Viper x2  
  139  15:22  Hydralisk  
  139  15:23  Hydralisk x8  
  139  15:24  Hydralisk x3  
  163  15:31  Spore Crawler x2  
  163  15:35  Hydralisk x2  
  161  15:36  Hydralisk x2  
  169  15:43  Drone  
  169  15:44  Queen, Drone x5  
  177  15:59  Spore Crawler, Spine Crawler  
  177  16:00  Spine Crawler, Extractor, Ultralisk  
  177  16:02  Spore Crawler  
  150  16:26  Hydralisk x6  
  150  16:27  Hydralisk x3  
  157  16:44  Lurker  
  157  16:45  Lurker x3  
  161  16:47  Zergling x2  
  161  16:48  Zergling x24  
  101  17:10  Hydralisk  
  101  17:11  Hydralisk x7  
  102  17:23  Drone x2  
  102  17:29  Hydralisk x2, Hatchery  
  104  17:35  Drone x2  
  104  17:36  Drone  
  109  17:44  Zergling x2  
  109  17:45  Zergling x8  
  108  17:56  Spore Crawler x2  
  106  18:10  Lurker x2  
  106  18:11  Lurker x3  
  106  18:12  Lurker  
  112  18:19  Hatchery  
  111  18:22  Queen  
  113  18:27  Baneling x2  
  113  18:28  Zergling x2  
  113  18:29  Zergling x4  
  116  18:36  Overseer  
  111  18:57  Zergling x2  
  111  18:58  Zergling x16  
  111  18:59  Zergling x10  
  97  19:29  Hydralisk x4  
  97  19:30  Hydralisk x4  
  101  19:43  Zergling x2  
  101  19:44  Zergling x14  
  68  20:07  Drone  
  68  20:08  Drone x7  
  68  20:09  Drone x5  
  71  20:23  Hydralisk x2  
  71  20:34  Spore Crawler  
  67  20:45  Zergling x2  
  67  20:46  Zergling x12  
Show
View Real Time Build Order
Export as new Build Order

Warthog Terran - Winner!

Build Orders: Liberator Opening, Reaper Expand 

Get SALT Encoding   

  12  0:00  SCV  
  13  0:12  SCV  
  14  0:18  Supply Depot  
  14  0:25  SCV  
  15  0:39  SCV  
  15  0:41  Barracks  
  16  0:45  Refinery  
  16  0:51  SCV  
  17  1:04  SCV  
  18  1:16  SCV  
  19  1:29  Reaper, Orbital Command  
  20  1:41  Command Center  
  20  1:51  Supply Depot  
  20  1:55  SCV  
  20  2:00  Marine  
  22  2:08  SCV  
  23  2:14  Factory  
  23  2:21  Barracks Reactor  
  23  2:23  SCV  
  24  2:35  SCV  
  25  2:38  Refinery  
  25  2:55  SCV  
  26  3:04  Starport  
  26  3:05  Orbital Command  
  26  3:07  SCV  
  26  3:08  Hellion x2  
  31  3:32  SCV x2  
  33  3:44  SCV x2  
  33  3:48  Liberator  
  38  3:49  Hellion x2  
  42  3:56  SCV x2  
  42  3:59  Supply Depot  
  42  4:00  Supply Depot  
  44  4:08  SCV x2  
  46  4:20  SCV  
  46  4:21  Hellion x2  
  46  4:23  Command Center  
  51  4:26  Supply Depot  
  51  4:30  SCV  
  52  4:33  Supply Depot  
  52  4:36  SCV  
  53  4:44  SCV  
  52  4:48  SCV, Barracks Tech Lab  
  52  4:49  Starport Reactor  
  52  4:50  Viking  
  52  4:52  Hellion x2  
  59  4:56  SCV  
  60  5:00  SCV  
  60  5:05  Barracks  
  60  5:06  Engineering Bay, Barracks  
  61  5:08  Engineering Bay, SCV  
  61  5:09  Refinery  
  61  5:10  Refinery  
  61  5:13  SCV  
  63  5:25  Factory Reactor  
  63  5:27  SCV x2  
  65  5:31  Starport Reactor  
  65  5:32  Stimpack, Marine  
  66  5:38  Barracks  
  66  5:39  Barracks  
  66  5:46  SCV  
  66  5:47  SCV, Orbital Command  
  63  5:50  Terran Infantry Weapons Level 1  
  63  5:51  Terran Infantry Armor Level 1  
  57  5:59  SCV x2  
  57  6:01  Marine  
  53  6:17  SCV x2  
  55  6:19  SCV, Marine  
  55  6:21  Widow Mine x2  
  61  6:26  Barracks Reactor x2  
  61  6:29  SCV, Starport Reactor  
  61  6:30  SCV, Armory  
  61  6:31  SCV, Marine x3  
  67  6:41  SCV  
  67  6:42  SCV  
  67  6:43  SCV  
  67  6:44  Marine x2  
  72  6:48  Marine  
  72  6:49  Marine x2  
  72  6:52  Orbital Command  
  72  6:53  SCV  
  76  7:01  SCV  
  76  7:02  Marine x2  
  76  7:05  SCV  
  80  7:08  Marine  
  80  7:09  Marine x6  
  80  7:12  Combat Shield  
  80  7:13  Refinery, SCV  
  88  7:16  Refinery  
  88  7:17  Supply Depot  
  88  7:19  Supply Depot, Marine  
  88  7:20  Marine  
  88  7:22  SCV x2  
  92  7:25  SCV  
  93  7:38  SCV x2, Marine x6  
  93  7:40  Supply Depot  
  93  7:41  Supply Depot x2, SCV, Medivac, Widow Mine, Marine x3  
  109  8:01  SCV, Marine x4  
  109  8:02  Medivac, Widow Mine  
  109  8:03  SCV x2  
  120  8:08  Terran Infantry Armor Level 2, Terran Infantry Weapons Level 2  
  120  8:09  Factory, Marine  
  120  8:10  Marauder, Marine x3  
  126  8:19  Marine  
  125  8:25  Marine x3  
  129  8:27  SCV x2  
  129  8:31  Marauder  
  129  8:32  Supply Depot, Barracks  
  129  8:33  Barracks x2  
  132  8:34  Supply Depot  
  132  8:38  Terran Vehicle And Ship Armor Level 1  
  132  8:46  Marine x2  
  134  8:48  Concussive Shells  
  134  8:52  Factory Tech Lab  
  134  8:53  Marauder  
  136  8:56  Marine x5  
  136  8:58  Supply Depot  
  140  9:10  Marine x2  
  140  9:14  Widow Mine x2, Marauder  
  148  9:22  Marine  
  148  9:23  Marine x4  
  153  9:24  Barracks Tech Lab x2  
  153  9:27  Command Center  
  153  9:29  Supply Depot  
  153  9:30  SCV x2  
  155  9:32  Command Center  
  155  9:35  Marauder  
  156  9:49  Marine x2  
  156  9:50  Marauder  
  156  9:51  Widow Mine x2  
  157  9:53  Supply Depot  
  157  9:57  Marauder  
  157  9:58  Drilling Claws  
  157  9:59  Medivac x2  
  160  10:00  Marauder, Marine x5  
  160  10:01  Marine  
  160  10:03  Barracks Tech Lab  
  160  10:06  Widow Mine  
  170  10:07  Marine  
  170  10:11  Marauder  
  173  10:15  Widow Mine  
  173  10:20  Marine  
  173  10:21  Marauder, Marine  
  179  10:29  Medivac  
  181  10:38  Medivac, Marine  
  181  10:39  Marauder  
  181  10:40  Marine  
  181  10:41  Marauder, Marine x2  
  191  11:02  Marauder, Marine x4  
  170  11:21  Marauder, Marine  
  166  11:31  Terran Infantry Weapons Level 3, Terran Infantry Armor Level 3  
  166  11:32  Terran Vehicle Weapons Level 1, Planetary Fortress  
  165  11:36  Refinery x2  
  165  11:38  Siege Tank  
  165  11:39  Factory x2  
  168  11:43  Marine  
  168  11:44  Marauder, Marine x2  
  168  11:46  Orbital Command, Marine, Marauder  
  176  11:58  Factory Tech Lab  
  176  12:10  Siege Tank  
  179  12:20  Marauder, Marine x2  
  179  12:21  Marauder x3, Marine x6  
  189  12:23  Factory Tech Lab  
  189  12:24  Factory Tech Lab  
  189  12:27  Siege Tank  
  181  12:38  Marine x2  
  181  12:39  Marine  
  181  12:42  Marauder x2  
  181  12:43  Marauder  
  165  12:53  Marauder, Marine x5  
  165  12:55  Siege Tank x3  
  165  12:56  Medivac x2, Marine x2  
  165  12:57  Marine  
  185  12:59  Siege Tank  
  185  13:03  Marauder  
  185  13:04  Marauder x2  
  179  13:11  Marine x5  
  178  13:13  Marine  
  178  13:14  Marauder, Marine x2  
  183  13:25  Marauder x2, Marine  
  183  13:26  Medivac x2  
  189  13:27  Siege Tank x3  
  189  13:29  Marine x2  
  199  13:58  Command Center  
  199  13:59  Command Center  
  199  14:05  Command Center  
  188  14:18  Marauder, Marine  
  183  14:41  Marauder, Marine  
  172  15:01  Marauder, Marine x4  
  172  15:02  Marauder x2, Marine x3  
  172  15:03  Medivac x2, Siege Tank x2  
  195  15:13  Marine  
  198  15:14  Marauder  
  198  15:19  Marine x2  
  198  15:31  Marine  
  198  15:32  Marauder  
  198  16:07  Orbital Command  
  194  16:32  Refinery  
  128  17:14  Marine x12  
  131  17:22  Siege Tank x2  
  124  17:23  Medivac  
  124  17:31  Marine  
  124  17:32  Marine x4  
  129  17:40  Marine x2  
  129  17:41  Marauder, Marine x4  
  129  17:42  Medivac, Siege Tank x2  
  129  17:43  Command Center  
  143  17:45  Refinery  
  143  17:48  Refinery  
  143  17:49  Marine x3  
  143  17:50  Marine x2  
  141  17:52  Medivac  
  141  17:53  Terran Vehicle Weapons Level 2  
  141  17:58  Marine x3  
  143  17:59  Marauder x2, Marine  
  143  18:02  Marine  
  152  18:06  Planetary Fortress  
  152  18:07  Marine x5  
  157  18:16  Marine  
  157  18:17  Marauder  
  160  18:23  Marauder, Marine x4  
  160  18:25  Marine  
  151  19:07  Marauder x4, Marine x8  
  151  19:08  Siege Tank x3  
  151  19:09  Medivac, Siege Tank  
  181  19:11  Viking  
  173  19:24  Marine  
  173  19:25  Marine x7  
  173  19:28  Marauder x3, Marine  
  182  19:34  Planetary Fortress  
  182  19:39  Viking  
  182  19:40  Siege Tank x2  
  182  19:42  Marine  
  182  19:43  Marine x3  
  194  19:46  Marauder  
  177  20:26  Marauder, Marine x5  
  177  20:27  Marine x3  
  177  20:28  Marauder, Marine, Siege Tank  
  190  20:29  Medivac x2  
  193  20:51  Command Center  
  186  21:04  Command Center  
Tags
 
Add a new tag
Caveats
  • Supply blocks, unpowered buildings, or Contaminate may cause inaccurate times.
  • Supply counts are checked every 10 seconds.